| TOP OF THE 1ST |
|
Boston (APP) Red Sox batting - Pitching for Bluefield Blue Jays : RHP Marcus Reiling
|
|
Pitching: RHP Marcus Reiling
|
|
|
Batting: RHB Jim Hubbard
|
0-0: Swinging Strike 0-1: Ball 1-1: Foul Ball, location: 2F 1-2: Foul Ball, location: 2F 1-2: Ball 2-2: Ball 3-2: Ground out 6-3 (Groundball, 6M, EV 106.2 MPH)
|
|
Batting: RHB Tony Nunez
|
0-0: Ball 1-0: Ball 2-0: Called Strike 2-1: Ground out U3 (Groundball, 34S, EV 81.2 MPH)
|
|
Batting: RHB Alex Melendez
|
0-0: Foul Ball, location: 2F 0-1: Foul Ball, location: 2F 0-2: Ground out 4-3 (Groundball, 6MD, EV 85.6 MPH)
|
| Top of the 1st over - 0 runs, 0 hits, 0 errors, 0 left on base; Boston (APP) 0 - Bluefield 0 |
| BOTTOM OF THE 1ST |
|
Bluefield Blue Jays batting - Pitching for Boston (APP) Red Sox : RHP Alex Willerton
|
|
Pitching: RHP Alex Willerton
|
|
|
Batting: RHB Stephen Casteel
|
0-0: Ball 1-0: Called Strike 1-1: Foul Ball, location: 2F 1-2: Strikes out swinging
|
|
Batting: RHB Mike Johnson
|
0-0: Swinging Strike 0-1: Foul Ball, location: 2F 0-2: Ball 1-2: Ball 2-2: Foul Ball, location: 2F 2-2: Strikes out looking
|
|
Batting: RHB Bill Murray
|
0-0: Called Strike 0-1: Called Strike 0-2: Ball 1-2: Fly out, F4 (Popup, 34D, EV 46.2 MPH)
|
| Bottom of the 1st over - 0 runs, 0 hits, 0 errors, 0 left on base; Boston (APP) 0 - Bluefield 0 |
| TOP OF THE 2ND |
|
Boston (APP) Red Sox batting - Pitching for Bluefield Blue Jays : RHP Marcus Reiling
|
|
Batting: SHB Salvador Padilla
|
0-0: Ball 1-0: Ground out 4-3 (Groundball, 34D, EV 100.0 MPH)
|
|
Batting: RHB John Doucette
|
0-0: Foul Ball, location: 2F 0-1: Ground out 5-3 (Groundball, 56, EV 102.5 MPH)
|
|
Batting: RHB Aukukero Tairi
|
0-0: Called Strike 0-1: Ball 1-1: Called Strike 1-2: Fly out, F8 (Flyball, 89D, EV 86.9 MPH)
|
| Top of the 2nd over - 0 runs, 0 hits, 0 errors, 0 left on base; Boston (APP) 0 - Bluefield 0 |
| BOTTOM OF THE 2ND |
|
Bluefield Blue Jays batting - Pitching for Boston (APP) Red Sox : RHP Alex Willerton
|
|
Batting: RHB Victor Ayala
|
0-0: Ball 1-0: Ground out 5-3 (Groundball, 56S, EV 76.2 MPH)
|
|
Batting: LHB Kurt Estep
|
0-0: Called Strike 0-1: SOLO HOME RUN (Flyball, 89XD, EV 102.5 MPH), Distance : 406 ft
|
|
Batting: RHB John Hering
|
0-0: Swinging Strike 0-1: Swinging Strike 0-2: Ball 1-2: Foul Ball, location: 2F 1-2: Foul Ball, location: 2F 1-2: Ground out 2-3 (Groundball, 2R, EV 72.5 MPH)
|
|
Batting: SHB Dominik Hasek II
|
0-0: Ball 1-0: Called Strike 1-1: Swinging Strike 1-2: Strikes out swinging
|
| Bottom of the 2nd over - 1 run, 1 hit, 0 errors, 0 left on base; Boston (APP) 0 - Bluefield 1 |
| TOP OF THE 3RD |
|
Boston (APP) Red Sox batting - Pitching for Bluefield Blue Jays : RHP Marcus Reiling
|
|
Batting: RHB Miguel Villanueva
|
0-0: Ball 1-0: Called Strike 1-1: Ground out 1-3 (Groundball, P, EV 71.9 MPH)
|
|
Batting: RHB Joe Booth
|
0-0: Ball 1-0: Called Strike 1-1: Called Strike 1-2: Ground out 5-3 (Groundball, 56, EV 78.8 MPH)
|
|
Batting: RHB Mario Arriero
|
0-0: Ball 1-0: Foul Ball, location: 2F 1-1: Called Strike 1-2: Ground out 4-3 (Groundball, 4, EV 86.2 MPH)
|
| Top of the 3rd over - 0 runs, 0 hits, 0 errors, 0 left on base; Boston (APP) 0 - Bluefield 1 |
| BOTTOM OF THE 3RD |
|
Bluefield Blue Jays batting - Pitching for Boston (APP) Red Sox : RHP Alex Willerton
|
|
Batting: RHB Shunsuke Shiba Inu
|
0-0: Ball 1-0: Ball 2-0: Foul Ball, location: 2F 2-1: Ball 3-1: Swinging Strike 3-2: Base on Balls
|
|
Batting: LHB Eric Toney
|
0-0: Ball Shunsuke Shiba Inu is caught stealing 2nd base 2-6 1-0: Foul Ball, location: 2F 1-1: Foul Ball, location: 2F 1-2: SOLO HOME RUN (Flyball, 7D, EV 96.2 MPH), Distance : 376 ft
|
|
Batting: RHB Stephen Casteel
|
0-0: Ball 1-0: Foul Ball, location: 2F 1-1: Ball 2-1: Swinging Strike 2-2: Strikes out swinging
|
|
Batting: RHB Mike Johnson
|
0-0: Swinging Strike 0-1: Swinging Strike 0-2: Ball 1-2: Strikes out swinging
|
| Bottom of the 3rd over - 1 run, 1 hit, 0 errors, 0 left on base; Boston (APP) 0 - Bluefield 2 |
| TOP OF THE 4TH |
|
Boston (APP) Red Sox batting - Pitching for Bluefield Blue Jays : RHP Marcus Reiling
|
|
Batting: RHB Jim Hubbard
|
0-0: Ball 1-0: Swinging Strike 1-1: Foul Ball, location: 2F 1-2: Foul Ball, location: 2F 1-2: Foul Ball, location: 2F 1-2: Ball 2-2: SOLO HOME RUN (Flyball, 7D, EV 95.6 MPH), Distance : 383 ft
|
|
Batting: RHB Tony Nunez
|
0-0: Called Strike 0-1: DOUBLE (Flyball, 8RXD, EV 107.5 MPH)
|
|
Batting: RHB Alex Melendez
|
0-0: Called Strike 0-1: Ball 1-1: Swinging Strike 1-2: Ground out 5-3 (Groundball, 56S, EV 86.2 MPH)
|
|
Batting: SHB Salvador Padilla
|
0-0: Ball 1-0: DOUBLE (Line Drive, 89M, EV 96.9 MPH) Tony Nunez scores
|
|
Batting: RHB John Doucette
|
0-0: Ball 1-0: Foul Ball, location: 2F 1-1: DOUBLE (Line Drive, 3D, EV 95.0 MPH) Salvador Padilla scores
|
|
Batting: RHB Aukukero Tairi
|
0-0: Fly out, F8 (Flyball, 89XD, EV 85.6 MPH) Runner from 2nd tags up, SAFE at 3rd, no throw by CF
|
|
Batting: RHB Miguel Villanueva
|
0-0: Called Strike 0-1: Ball 1-1: 2-RUN HOME RUN (Flyball, 7LD, EV 93.8 MPH), Distance : 355 ft
|
|
Batting: RHB Joe Booth
|
0-0: Ball 1-0: Called Strike 1-1: Called Strike 1-2: Foul Ball, location: 2F 1-2: SINGLE (Groundball, 56S, EV 69.4 MPH) (infield hit)
|
|
Pitching: RHP Gu Won
|
|
|
Batting: RHB Mario Arriero
|
0-0: Called Strike 0-1: Ball Joe Booth steals 2nd base 1-1: Ground out U3 (Groundball, 34, EV 99.4 MPH)
|
| Top of the 4th over - 5 runs, 6 hits, 0 errors, 1 left on base; Boston (APP) 5 - Bluefield 2 |
| BOTTOM OF THE 4TH |
|
Bluefield Blue Jays batting - Pitching for Boston (APP) Red Sox : RHP Alex Willerton
|
|
Batting: RHB Bill Murray
|
0-0: Ball 1-0: Called Strike 1-1: Fly out, F8 (Flyball, 8LM, EV 84.4 MPH)
|
|
Batting: RHB Victor Ayala
|
0-0: Ball 1-0: Ball 2-0: Ball 3-0: Called Strike 3-1: DOUBLE (Line Drive, 5D, EV 95.6 MPH)
|
|
Batting: LHB Kurt Estep
|
0-0: Called Strike 0-1: Called Strike 0-2: Ball 1-2: Ball 2-2: Foul Ball, location: 2F 2-2: Ball 3-2: Foul Ball, location: 2F 3-2: Base on Balls
|
|
Batting: RHB John Hering
|
0-0: SINGLE (Groundball, 6MD, EV 102.5 MPH) (infield hit) Victor Ayala to third Kurt Estep to second
|
|
Batting: SHB Dominik Hasek II
|
0-0: Ball 1-0: Foul Ball, location: 2F 1-1: Ball 2-1: Foul Ball, location: 2F 2-2: Ball 3-2: Foul Ball, location: 2F 3-2: Base on Balls Victor Ayala scores Kurt Estep to third John Hering to second
|
|
Batting: RHB Shunsuke Shiba Inu
|
0-0: SINGLE (Line Drive, 6MD, EV 100.0 MPH) Kurt Estep scores John Hering to third Dominik Hasek II to second Runner from 3rd tries for Home, throw by CF and OUT! 8-2
|
|
Batting: LHB Eric Toney
|
0-0: Called Strike 0-1: Foul Ball, location: 2F 0-2: Ball 1-2: Ball 2-2: Strikes out swinging
|
| Bottom of the 4th over - 2 runs, 3 hits, 0 errors, 2 left on base; Boston (APP) 5 - Bluefield 4 |
| TOP OF THE 5TH |
|
Boston (APP) Red Sox batting - Pitching for Bluefield Blue Jays : RHP Gu Won
|
|
Batting: RHB Jim Hubbard
|
0-0: Ground out 5-3 (Groundball, 56S, EV 67.5 MPH)
|
|
Batting: RHB Tony Nunez
|
0-0: Ball 1-0: Ball 2-0: Ground out 6-3 (Groundball, 6M, EV 83.8 MPH)
|
|
Batting: RHB Alex Melendez
|
0-0: Ball 1-0: Ball 2-0: Called Strike 2-1: Ground out U3 (Groundball, 13, EV 85.0 MPH)
|
| Top of the 5th over - 0 runs, 0 hits, 0 errors, 0 left on base; Boston (APP) 5 - Bluefield 4 |
| BOTTOM OF THE 5TH |
|
Bluefield Blue Jays batting - Pitching for Boston (APP) Red Sox : RHP Alex Willerton
|
|
Batting: RHB Stephen Casteel
|
0-0: Ball 1-0: Ground out U3 (Groundball, 3L, EV 87.5 MPH)
|
|
Batting: RHB Mike Johnson
|
0-0: Called Strike 0-1: Ball 1-1: SINGLE (Groundball, 56D, EV 107.5 MPH)
|
|
Batting: RHB Bill Murray
|
0-0: Ball Mike Johnson is caught stealing 2nd base 2-4 1-0: Ball 2-0: Ball 3-0: Foul Ball, location: 2F 3-1: Fly out, F8 (Flyball, 89S, EV 97.5 MPH)
|
| Bottom of the 5th over - 0 runs, 1 hit, 0 errors, 0 left on base; Boston (APP) 5 - Bluefield 4 |
| TOP OF THE 6TH |
|
Boston (APP) Red Sox batting - Pitching for Bluefield Blue Jays : RHP Gu Won
|
|
Batting: SHB Salvador Padilla
|
0-0: Ball 1-0: Fly out, F6 (Popup, 6, EV 63.1 MPH)
|
|
Batting: RHB John Doucette
|
0-0: Called Strike 0-1: Ball 1-1: Ground out U3 (Groundball, 34S, EV 92.5 MPH)
|
|
Batting: RHB Aukukero Tairi
|
0-0: Ball 1-0: Fly out, F2 (Popup, 25F, EV 90.6 MPH)
|
| Top of the 6th over - 0 runs, 0 hits, 0 errors, 0 left on base; Boston (APP) 5 - Bluefield 4 |
| BOTTOM OF THE 6TH |
|
Bluefield Blue Jays batting - Pitching for Boston (APP) Red Sox : RHP Alex Willerton
|
|
Batting: RHB Victor Ayala
|
0-0: Foul Ball, location: 2F 0-1: Ball 1-1: Ball 2-1: SINGLE (Groundball, 6M, EV 103.8 MPH) (infield hit)
|
|
Batting: LHB Kurt Estep
|
0-0: Called Strike 0-1: Called Strike 0-2: Foul Ball, location: 2F 0-2: Fly out, F9 (Flyball, 89M, EV 90.0 MPH)
|
|
Batting: RHB John Hering
|
0-0: Ball 1-0: Ball Victor Ayala steals 2nd base 2-0: Foul Ball, location: 2F 2-1: Ground out 6-3 (Groundball, 6, EV 78.8 MPH) Victor Ayala to third
|
|
Pitching: RHP Tyler Tomblin
|
|
|
Batting: SHB Dominik Hasek II
|
0-0: Called Strike 0-1: Foul Ball, location: 2F 0-2: SINGLE (Line Drive, 4MD, EV 95.0 MPH) Victor Ayala scores
|
|
Batting: RHB Shunsuke Shiba Inu
|
0-0: Ball Dominik Hasek II steals 2nd base 1-0: Ball 2-0: Ball 3-0: Called Strike 3-1: Foul Ball, location: 2F 3-2: Ground out 5-3 (Groundball, 56, EV 83.1 MPH)
|
| Bottom of the 6th over - 1 run, 2 hits, 0 errors, 1 left on base; Boston (APP) 5 - Bluefield 5 |
| TOP OF THE 7TH |
|
Boston (APP) Red Sox batting - Pitching for Bluefield Blue Jays : RHP Gu Won
|
|
Batting: RHB Miguel Villanueva
|
0-0: Ball 1-0: Called Strike 1-1: Called Strike 1-2: Ball 2-2: Ball 3-2: Base on Balls
|
|
Batting: RHB Joe Booth
|
0-0: Bunted foul 0-1: Ball 1-1: Bunt missed! 1-2: Foul Ball, location: 2F 1-2: SINGLE (Line Drive, 3D, EV 103.1 MPH) Miguel Villanueva to second
|
|
Batting: RHB Mario Arriero
|
0-0: DOUBLE (Groundball, 5L, EV 105.6 MPH) Miguel Villanueva scores Joe Booth to third
|
|
Batting: RHB Jim Hubbard
|
0-0: Ball 1-0: Ball 2-0: Fly out, F9 (Flyball, 9, EV 81.9 MPH) Runner from 3rd tags up, SCORES, no throw by RF
|
|
Batting: RHB Tony Nunez
|
0-0: Ball 1-0: Ball Wild Pitch! Mario Arriero to third 2-0: Ball 3-0: Foul Ball, location: 2F 3-1: Called Strike 3-2: Strikes out swinging
|
|
Batting: RHB Alex Melendez
|
0-0: SINGLE (Line Drive, 6MD, EV 103.8 MPH) Mario Arriero scores
|
|
Pitching: RHP Chris Kroesen
|
|
|
Batting: SHB Salvador Padilla
|
0-0: Called Strike 0-1: Ball 1-1: Called Strike 1-2: Foul Ball, location: 2F 1-2: Strikes out swinging
|
| Top of the 7th over - 3 runs, 3 hits, 0 errors, 1 left on base; Boston (APP) 8 - Bluefield 5 |
| BOTTOM OF THE 7TH |
|
Bluefield Blue Jays batting - Pitching for Boston (APP) Red Sox : RHP Tyler Tomblin
|
|
Pitching: RHP Danny Marquez
|
|
|
Batting: LHB Eric Toney
|
0-0: Ball 1-0: Foul Ball, location: 2F 1-1: Foul Ball, location: 2F 1-2: SOLO HOME RUN (Flyball, 8LXD, EV 116.2 MPH), Distance : 453 ft
|
|
Batting: RHB Stephen Casteel
|
0-0: Swinging Strike 0-1: Ball 1-1: Fly out, F8 (Line Drive, 8LD, EV 86.2 MPH)
|
|
Batting: RHB Mike Johnson
|
0-0: Reached on error, E6 (Groundball, 6, EV 85.0 MPH)
|
|
Batting: RHB Bill Murray
|
0-0: Called Strike 0-1: Ball 1-1: Called Strike Balk! Mike Johnson to second 1-2: Foul Ball, location: 2F 1-2: Fly out, F4 (Popup, 34S, EV 80.0 MPH)
|
|
Batting: RHB Victor Ayala
|
0-0: Fly out, F5 (Popup, 56, EV 73.1 MPH)
|
| Bottom of the 7th over - 1 run, 1 hit, 1 error, 1 left on base; Boston (APP) 8 - Bluefield 6 |
| TOP OF THE 8TH |
|
Boston (APP) Red Sox batting - Pitching for Bluefield Blue Jays : RHP Chris Kroesen
|
|
Batting: RHB John Doucette
|
0-0: Called Strike 0-1: Ball 1-1: Foul Ball, location: 2F 1-2: Foul Ball, location: 2F 1-2: Ball 2-2: Strikes out swinging
|
|
Batting: RHB Aukukero Tairi
|
0-0: Ball 1-0: Ball 2-0: Foul Ball, location: 2F 2-1: Ball 3-1: Base on Balls
|
|
Batting: RHB Miguel Villanueva
|
0-0: Ball 1-0: Fly out, F8 (Flyball, 8RXD, EV 111.2 MPH)
|
|
Batting: RHB Joe Booth
|
0-0: Ball 1-0: Ground out 4-3 (Groundball, 4, EV 104.4 MPH)
|
| Top of the 8th over - 0 runs, 0 hits, 0 errors, 1 left on base; Boston (APP) 8 - Bluefield 6 |
| BOTTOM OF THE 8TH |
|
Bluefield Blue Jays batting - Pitching for Boston (APP) Red Sox : RHP Danny Marquez
|
|
Batting: LHB Kurt Estep
|
0-0: Ball 1-0: Ball 2-0: Ball 3-0: Base on Balls
|
|
Batting: RHB John Hering
|
0-0: 2-RUN HOME RUN (Flyball, 7D, EV 96.9 MPH), Distance : 380 ft
|
|
Pitching: LHP Anton Lara
|
|
|
Batting: SHB Dominik Hasek II
|
0-0: Ball 1-0: Called Strike 1-1: Ball 2-1: Foul Ball, location: 2F 2-2: Foul Ball, location: 2F 2-2: SINGLE (Line Drive, 4MD, EV 98.1 MPH)
|
|
Batting: RHB Shunsuke Shiba Inu
|
0-0: Ball 1-0: Ball 2-0: Ball 3-0: Called Strike 3-1: Base on Balls Dominik Hasek II to second
|
|
Batting: LHB Eric Toney
|
0-0: Called Strike 0-1: Fly out, F8 (Flyball, 8LM, EV 92.5 MPH)
|
|
Batting: RHB Stephen Casteel
|
0-0: Ball 1-0: Called Strike 1-1: Ball Dominik Hasek II steals 3rd base Shunsuke Shiba Inu to second 2-1: Fly out, F8 (Flyball, 8LM, EV 93.1 MPH) Runner from 3rd tags up, OUT at HOME! 8-2
|
| Bottom of the 8th over - 2 runs, 2 hits, 0 errors, 1 left on base; Boston (APP) 8 - Bluefield 8 |
| TOP OF THE 9TH |
|
Boston (APP) Red Sox batting - Pitching for Bluefield Blue Jays : RHP Chris Kroesen
|
|
Pitching: RHP Oswaldo Vasquez
|
|
|
Batting: LHB Mike Hutcheson
|
0-0: Swinging Strike 0-1: Ball 1-1: Reached on error, E3 (Groundball, 3, EV 88.1 MPH)
|
|
Batting: RHB Jim Hubbard
|
0-0: Sac Bunt to 15 - play at first, batter OUT! 1-3 Mike Hutcheson to second
|
|
Batting: RHB Tony Nunez
|
0-0: Ball 1-0: Swinging Strike 1-1: Ball 2-1: Swinging Strike 2-2: Ball 3-2: Strikes out swinging
|
|
Batting: RHB Alex Melendez
|
0-0: Ground out 6-3 (Groundball, 6, EV 93.1 MPH)
|
| Top of the 9th over - 0 runs, 0 hits, 1 error, 1 left on base; Boston (APP) 8 - Bluefield 8 |
| BOTTOM OF THE 9TH |
|
Bluefield Blue Jays batting - Pitching for Boston (APP) Red Sox : LHP Anton Lara
|
|
Pitching: RHP Josiah Russell
|
|
|
Pinch Hitting: LHB Lothar Middelkoop
|
0-0: Swinging Strike 0-1: SINGLE (Groundball, 4MD, EV 83.8 MPH) (infield hit)
|
|
Batting: RHB Bill Murray
|
0-0: Ball 1-0: Ball 2-0: Ball 3-0: Called Strike 3-1: Swinging Strike 3-2: Base on Balls Lothar Middelkoop to second
|
|
Batting: RHB Victor Ayala
|
0-0: Ball 1-0: Ball 2-0: SINGLE (Line Drive, 6M, EV 107.5 MPH) Lothar Middelkoop to third Bill Murray to second
|
|
Batting: LHB Kurt Estep
|
0-0: Called Strike 0-1: Foul Ball, location: 2F 0-2: Ball 1-2: Ball 2-2: GRAND SLAM HOME RUN (Flyball, 9D, EV 96.2 MPH), Distance : 372 ft
|
| Bottom of the 9th over - 4 runs, 3 hits, 0 errors, 0 left on base; Boston (APP) 8 - Bluefield 12 |
|